 Dungeon Crawl Stone Soup version 0.29.0-13-gc9e81de378 (webtiles) character file.

Game seed: 8354579986206409157

99390 robertstho the Tortoise (level 16, -14/108 HPs)
             Began as a Tengu Berserker on Sept 7, 2022.
             Was an Elder of Trog.
             Killed from afar by a deep elf zephyrmancer (21 damage)
             ... with a bolt of lightning
             ... summoned by a worldbinder
             ... on level 2 of the Abyss.
             The game lasted 00:44:04 (28381 turns).

robertstho the Tortoise (Tengu Berserker)          Turns: 28381, Time: 00:44:04

Health: -14/108    AC: 25    Str: 20    XL:     16   Next: 24%
Magic:  0/13       EV: 16    Int:  3    God:    Trog [****..]
Gold:   1290       SH: 11    Dex: 14    Spells: 15/15 levels left

rFire   . . .      SeeInvis .   j - +5 short sword (venom)
rCold   + . .      Faith    .   D - +0 kite shield
rNeg    . . .      Spirit   +   Q - +0 plate armour {rC+}
rPois   .          Reflect  .   (helmet restricted)
rElec   .          Harm     .   k - scarf {repulsion}
rCorr   .          Rampage  .   R - +3 pair of gauntlets of War {Slay+5}
Will    +....      Rage     3%  (boots unavailable)
Stlth   ..........              Y - amulet of guardian spirit
HPRegen 0.28/turn               N - +4 ring of evasion
MPRegen 0.13/turn               B - +4 ring of protection

@: flying quickly and evasively, repel missiles, unable to read, quick
A: beak, talons 3, nimble flight, [berserk 1], [clumsy 1], [deterioration 1],
[dopey 2], [low MP 2], [screaming 2], ([teleportitis 2]), [weak 2], [no potion
heal 2], [subdued magic 2], [inability to read after injury 1]
a: Renounce Religion, Berserk, Trog's Hand, Brothers in Arms


You were on level 2 of the Abyss.
You worshipped Trog.
Trog was greatly pleased with you.
You visited 3 branches of the dungeon, and saw 22 of its levels.
You visited the Abyss 1 time.
You also visited: Sewer and Bailey.

You collected 3001 gold pieces.
You spent 1711 gold pieces at shops.

Inventory:

Hand Weapons
 j - a +5 short sword of venom (weapon)
 H - the +7 bardiche "Apsyqos" {vorpal, rN+ rCorr}
   (Trog gifted it to you on level 2 of the Orcish Mines)

   It inflicts extra damage upon your enemies.
   rN:        It protects you from negative energy.
   rCorr:     It protects you from acid and corrosion.
Missiles
 F - a throwing net (quivered)
 T - 7 silver javelins
Armour
 k - a scarf of repulsion (worn)
 y - +0 acid dragon scales
 D - a +0 kite shield (worn)
 Q - a +0 plate armour of cold resistance (worn)
 R - the +3 pair of gauntlets of War (worn) {Slay+5}
   (You bought it in a shop on level 4 of the Dungeon)

   Slay:      It affects your accuracy & damage with ranged weapons and melee
   (+5).
Jewellery
 f - a ring of protection from cold
 B - a +4 ring of protection (right hand)
 C - a ring of protection from cold
 J - a ring of fire
 N - a +4 ring of evasion (left hand)
 Y - an amulet of guardian spirit (around neck)
Wands
 o - a wand of mindburst (21)
 r - a wand of roots (6)
 v - a wand of acid (16)
 I - a wand of flame (18)
 S - a wand of digging (10)
Scrolls
 b - 2 scrolls of blinking
 d - 8 scrolls of teleportation
 g - 3 scrolls of fog
 i - 3 scrolls of immolation
 n - 4 scrolls of enchant weapon
 p - 2 scrolls of fear
 q - 4 scrolls of poison
 t - a scroll of identify
 u - 6 scrolls of magic mapping
 w - 3 scrolls of silence
 E - 3 scrolls of enchant armour
 M - a scroll of brand weapon
 U - 2 scrolls of summoning
Potions
 a - 10 potions of haste
 c - 5 potions of might
 e - 6 potions of heal wounds
 h - 2 potions of ambrosia
 l - 9 potions of mutation
 m - 3 potions of resistance
 s - 4 potions of attraction
 x - 3 potions of invisibility
 z - 4 potions of cancellation
 A - 5 potions of magic
 O - 10 potions of curing
Miscellaneous
 L - a box of beasts


   Skills:
 * Level 15.2 Fighting
 + Level 13.2 Short Blades
 + Level 4.6 Polearms
 * Level 15.9 Armour
 + Level 10.8 Dodging
 + Level 7.5 Stealth
 + Level 10.6 Shields
 + Level 0.9 Unarmed Combat
 + Level 2.1 Evocations


You had 15 spell levels left.
You didn't know any spells.
Your spell library was empty.

Dungeon Overview and Level Annotations

Branches:
Dungeon (15/15)            Temple (0/1) D:6            Lair (5/5) D:10
 Shoals (0/4) Lair:3       Spider (0/4) Lair:3        Slime (0/5) Lair:5
    Orc (2/2) D:11            Elf (0/3) Orc:2        Vaults (0/5) D:13
  Sewer (visited)          Bailey (visited)
 Depths: D:15

Altars:
Dithmenos
Qazlal
Uskayaw
Xom
The Shining One
Jiyva

Shops:
D:4 [   D:5 *   Orc:2 !*?!

Annotations:
D:14 1 transporter


Innate Abilities, Weirdness & Mutations

You have a beak for a mouth.
You have claws for feet.
Your magical nature lets you fly swiftly and evasively.
[You sometimes lose your temper in combat.]
[You are clumsy. (Dex -2)]
[Your body sometimes deteriorates upon taking damage.]
[You are very dopey. (Int -4)]
[Your magical capacity is very low. (-20% MP)]
[You frequently scream uncontrollably at your foes.]
[((You are often teleported next to monsters.))]
[You are very weak. (Str -4)]
[Potions cannot restore your health.]
[Your spells are easier to cast, but less powerful.]
[You occasionally lose the ability to read scrolls when taking damage.]


Message History

Key pressed, stopping explore.
A worldbinder comes into view.
You scream at the worldbinder!
You hear a chilling moan.
A worldbinder is nearby!
A worldbinder is nearby!
A worldbinder is nearby!
The worldbinder calls forth creatures from the Elven Halls!
A large abomination comes into view.
You scream at the large abomination!
The large abomination misses you.
You scream at the large abomination!
A large abomination comes into view.
The worldbinder calls forth creatures from the Elven Halls!
The deep elf zephyrmancer points at you and mumbles some strange words.
The bolt of lightning hits you!!
You feel threatened and lose the ability to read scrolls!
* * * LOW HITPOINT WARNING * * *
The worldbinder calls forth creatures from the Elven Halls!
The deep elf zephyrmancer gestures at you while chanting.
The bolt of lightning hits you!!
* * * LOW HITPOINT WARNING * * *
A deep elf zephyrmancer is nearby!
The deep elf zephyrmancer disappears in a puff of smoke! x2
The large abomination hits you.
* * * LOW HITPOINT WARNING * * *
The worldbinder calls forth creatures from the Elven Halls!
You can read scrolls again.
The worldbinder calls forth creatures from the Elven Halls!
The worldbinder calls forth creatures from the Elven Halls!
The worldbinder calls forth creatures from the Elven Halls!
The deep elf zephyrmancer casts a spell.
The deep elf zephyrmancer blinks!
The deep elf zephyrmancer completely misses you.
An orange demon comes into view.
The orange demon screeches!
The deep elf zephyrmancer points at you and mumbles some strange words.
The bolt of lightning hits you!!
You feel threatened and lose the ability to read scrolls!
You die...

.# ##.. #.#.# .4..#
.... .# ..#....
#####.#.....
#...@.......
#........... ### #
#.e..~...##.## #..
##.#X#..~....#.. #e +
#..x##.#....#... . ..
#..
##.e.##...~#....... .
#... #.e.##..........
..x #....
#.########.~.#.. . #
#≈≈≈≈≈#..##...........
# # .


You could see an orange demon, a large abomination, 2 deep elf pyromancers, a
worldbinder and a deep elf zephyrmancer (summoned).

Vanquished Creatures
  Rupert (D:13)
  A lich (Abyss:2)
  A tentacled starspawn (Abyss:2)
  Kirke (Lair:3)
  Josephine (Orc:1)
  Fannar (Lair:3)
  2 boulder beetles
  7 hydras
  5 centaur warriors
  4 two-headed ogres
  15 death yaks
  3 tengu warriors
  2 orc high priests (Orc:1)
  Urug (Lair:3)
  3 wretched stars (Abyss:2)
  A sixfirhy (Abyss:2)
  8 skeletal warriors
  A glowing orange brain (Abyss:2)
  A swamp dragon (shapeshifter) (D:14)
  Pikel (D:5)
  5 orc knights
  An ugly thing (D:12)
  2 orc sorcerers (Orc:2)
  4 manticores
  6 cyclopes
  An oklob plant (Lair:1)
  6 black mambas
  9 cane toads
  2 centaur skeletons (D:13)
  A gargoyle (D:12)
  3 rime drakes (Lair:5)
  A kobold demonologist (D:10)
  An unseen horror (D:11)
  Maggie (D:7)
  9 komodo dragons
  2 yaktaurs (D:13)
  A wind drake (Lair:3)
  Grinder (D:5)
  5 trolls
  6 raiju (Abyss:2)
  A troll (shapeshifter) (D:9)
  8 polar bears
  4 hornets
  8 slime creatures
  29 blink frogs
  2 culicivoras (Lair:3)
  10 dream sheep
  13 spriggans
  A jumping spider (Lair:3)
  A shadow (D:9)
  44 yaks
  2 wraiths
  The ghost of TheSexyCheese the Trooper, an amateur MiFi (D:3)
  13 wyverns
  A water elemental (D:13)
  2 hogs (Lair:3)
  5 basilisks
  A steam dragon (D:9)
  An acid dragon (D:9)
  10 wargs
  2 swamp worms (Lair:3)
  3 small abominations (Abyss:2)
  3 hell hounds (Abyss:2)
  Duvessa (D:7)
  17 water moccasins
  38 orc warriors
  3 ice beasts (D:7)
  4 black bears
  6 boggarts
  2 ogres
  13 centaurs
  21 wolves (Lair:5)
  2 phantoms
  Blork the orc (D:5)
  6 bullfrogs
  10 kobold brigands
  2 necrophages
  A gnoll sergeant (D:7)
  4 scorpions
  3 wights (D:8)
  Dowan (D:7)
  13 killer bees
  3 howler monkeys
  5 hounds
  6 jellies
  An iron imp (Abyss:2)
  14 orc priests
  6 hell rats (Lair:4)
  4 iguanas
  21 orc wizards
  Ijyb (D:4)
  Natasha (thrice) (D:4)
  2 boggart skeletons (D:13)
  16 adders
  9 gnolls
  4 river rats
  3 shadow imps
  3 white imps
  2 ufetubi
  5 worms
  2 dart slugs
  86 orcs
  10 ball pythons
  A bat (D:1)
  14 endoplasms
  6 giant cockroaches
  9 goblins
  7 hobgoblins
  3 jackals (D:3)
  7 quokkas
  A frilled lizard (D:1)
  17 kobolds
  10 rats
  2 briar patches (Lair:3)
  A bush (Lair:1)
  A toadstool (D:3)
725 creatures vanquished.

Vanquished Creatures (collateral kills)
  Jorgrun (D:15)
  A boulder beetle (D:15)
  2 orc knights (Orc:2)
  A manticore (D:15)
  A yaktaur (D:15)
  4 wraiths (Orc:1)
  A warg (Orc:2)
  2 orc warriors (Orc:2)
  2 orc priests (D:13)
  An orc wizard (Orc:1)
  2 gnolls (Bailey)
  4 orcs
22 creatures vanquished.

Vanquished Creatures (others)
  A blink frog (Lair:3)
  A wyvern (D:7)
  2 humans (Lair:3)
  29 fungi
  56 plants
  2 starspawn tentacles (Abyss:2)
  3 toadstools (D:3)
94 creatures vanquished.

Grand Total: 841 creatures vanquished

Notes
Turn   | Place    | Note
-------+----------+-------------------------------------------
     0 | D:1      | robertstho the Tengu Berserker began the quest for the Orb.
     0 | D:1      | Reached XP level 1. HP: 14/14 MP: 2/2
   220 | D:1      | Reached XP level 2. HP: 8/19 MP: 3/3
   926 | D:2      | Reached XP level 3. HP: 24/24 MP: 4/4
  1389 | D:2      | Found a faded altar of an unknown god.
  1549 | D:2      | Found a shadowy altar of Dithmenos.
  1856 | D:3      | Reached XP level 4. HP: 28/29 MP: 5/5
  2012 | D:3      | Noticed a black bear
  2019 | D:3      | Killed a black bear
  2020 | D:3      | Reached skill level 1 in Short Blades
  2020 | D:3      | Gained mutation: Your magical nature lets you fly swiftly
                  | and evasively. [Tengu growth]
  2020 | D:3      | Reached XP level 5. HP: 34/34 MP: 6/6
  2079 | D:3      | Found a runed translucent door.
  2118 | D:3      | Noticed TheSexyCheese's ghost (amateur MiFi)
  2127 | D:3      | Reached ** piety under Trog
  2136 | D:3      | Killed TheSexyCheese's ghost
  2137 | D:3      | Reached skill level 5 in Fighting
  2137 | D:3      | Reached XP level 6. HP: 40/40 MP: 7/7
  2141 | D:3      | Found a runed translucent door.
  2454 | D:3      | Found a glowing drain.
  2461 | Sewer    | Entered a sewer
  2594 | Sewer    | Reached XP level 7. HP: 34/44 MP: 8/8
  2851 | Sewer    | Reached skill level 1 in Stealth
  3183 | Sewer    | Reached *** piety under Trog
  3502 | D:3      | Reached skill level 5 in Armour
  3754 | D:4      | Reached XP level 8. HP: 51/51 MP: 9/9
  3762 | D:4      | Found Voackoy's Armour Emporium.
  3767 | D:4      | Bought a scarf of repulsion for 144 gold pieces
  4248 | D:4      | Noticed Natasha
  4252 | D:4      | Killed Natasha
  4595 | D:4      | Noticed Ijyb
  4600 | D:4      | Killed Ijyb
  4784 | D:4      | Noticed Natasha
  4790 | D:4      | Killed Natasha
  4812 | D:4      | Reached **** piety under Trog
  5057 | D:4      | Noticed Natasha
  5064 | D:4      | Killed Natasha
  5264 | D:5      | Entered Level 5 of the Dungeon
  5509 | D:5      | Noticed Blork the orc
  5516 | D:5      | Killed Blork the orc
  5520 | D:5      | Reached skill level 5 in Short Blades
  5797 | D:5      | Reached XP level 9. HP: 28/56 MP: 10/10
  6052 | D:5      | Noticed Pikel
  6069 | D:5      | Killed Pikel
  6174 | D:5      | Noticed Grinder
  6184 | D:5      | Paralysed by Grinder for 5 turns
  6189 | D:5      | Killed Grinder
  6350 | D:5      | Found Sohoycon's Assorted Antiques.
  7094 | D:6      | Found a staircase to the Ecumenical Temple.
  7389 | D:7      | Found a shimmering altar of Xom.
  7586 | D:7      | Found a flagged portal.
  7597 | Bailey   | Entered a bailey
  7646 | Bailey   | Reached XP level 10. HP: 64/64 MP: 11/11
  7882 | Bailey   | Noticed an orc knight
  7901 | Bailey   | Killed an orc knight
  8120 | D:7      | Noticed Maggie
  8130 | D:7      | Killed Maggie
  8354 | D:7      | Reached skill level 1 in Evocations
  8805 | D:7      | Noticed Duvessa
  8805 | D:7      | Noticed Dowan
  8819 | D:7      | Killed Duvessa
  8823 | D:7      | Killed Dowan
  9500 | D:8      | Reached skill level 10 in Armour
  9763 | D:4      | Bought the +3 pair of gauntlets of War {Slay+5} for 570
                  | gold pieces
  9763 | D:4      | Found the +3 pair of gauntlets of War {Slay+5}
 10107 | D:9      | Found a hide-covered altar of Uskayaw.
 10108 | D:9      | Found a stormy altar of Qazlal.
 10156 | D:9      | Found a glowing golden altar of the Shining One.
 10212 | D:9      | Noticed a two-headed ogre
 10217 | D:9      | Killed a two-headed ogre
 10218 | D:9      | Reached skill level 5 in Dodging
 10218 | D:9      | Reached XP level 11. HP: 71/71 MP: 12/12
 11030 | D:9      | Noticed a two-headed ogre
 11039 | D:9      | Killed a two-headed ogre
 11213 | D:9      | Noticed a two-headed ogre
 11222 | D:9      | Killed a two-headed ogre
 11447 | D:9      | Noticed a tengu warrior
 11460 | D:9      | Reached skill level 10 in Fighting
 11467 | D:9      | Killed a tengu warrior
 11623 | D:10     | Entered Level 10 of the Dungeon
 11669 | D:10     | Reached ***** piety under Trog
 11700 | D:10     | Reached skill level 10 in Short Blades
 12025 | D:10     | Found a staircase to the Lair.
 12083 | D:10     | Reached skill level 1 in Shields
 12091 | D:10     | Reached XP level 12. HP: 47/79 MP: 13/13
 12736 | D:11     | Noticed a boulder beetle
 12751 | D:11     | Killed a boulder beetle
 12832 | D:11     | Found a staircase to the Orcish Mines.
 12843 | D:11     | Noticed a two-headed ogre
 12851 | D:11     | Killed a two-headed ogre
 13165 | Lair:1   | Entered Level 1 of the Lair of Beasts
 13176 | Lair:1   | Reached skill level 5 in Stealth
 13738 | Lair:1   | Noticed an eight-headed hydra
 13744 | Lair:1   | Killed an eight-headed hydra
 13838 | Lair:1   | Noticed a six-headed hydra
 13847 | Lair:1   | Killed a six-headed hydra
 14001 | Lair:1   | Noticed a five-headed hydra
 14010 | Lair:1   | Killed a five-headed hydra
 14757 | Lair:2   | Reached XP level 13. HP: 72/85 MP: 14/14
 15534 | Lair:3   | Noticed Urug
 15796 | Lair:3   | Killed Urug
 15949 | Lair:3   | Found a staircase to the Shoals.
 16019 | Lair:3   | Found a hole to the Spider Nest.
 16209 | Lair:3   | Found the +4 robe of Folly {Brilliance Will-∞ Int+8}
 16213 | Lair:3   | Found a transporter.
 16257 | Lair:3   | Reached skill level 5 in Shields
 16551 | Lair:3   | Noticed Fannar
 16565 | Lair:3   | Killed Fannar
 16844 | Lair:3   | Noticed Kirke
 16850 | Lair:3   | Noticed a sphinx
 16870 | Lair:3   | Killed Kirke
 17059 | Lair:3   | Found a transporter.
 17461 | Lair:4   | Reached XP level 14. HP: 68/92 MP: 12/15
 17477 | Lair:4   | Received a gift from Trog
 18964 | Lair:5   | Entered Level 5 of the Lair of Beasts
 19282 | Lair:5   | Received a gift from Trog
 19552 | Lair:5   | Reached skill level 10 in Dodging
 19710 | Lair:5   | Found a viscous altar of Jiyva.
 19711 | Lair:5   | Found a staircase to the Slime Pits.
 20422 | Lair:5   | Identified the +9 long sword of Checkmate {pain, MP+9 SInv
                  | Stlth-}
 21014 | Orc:1    | Entered Level 1 of the Orcish Mines
 21222 | Orc:2    | Entered Level 2 of the Orcish Mines
 21235 | Orc:2    | Reached XP level 15. HP: 100/100 MP: 16/16
 21295 | Orc:2    | Found a staircase to the Elven Halls.
 21332 | Orc:2    | Reached ****** piety under Trog
 21474 | Orc:2    | Identified the +7 bardiche "Apsyqos" {vorpal, rN+ rCorr}
                  | (Trog gifted it to you on level 2 of the Orcish Mines)
 21474 | Orc:2    | Received a gift from Trog
 21600 | Orc:2    | Found Riris's Distillery.
 21600 | Orc:2    | Found Batotule's Magic Scroll Shop.
 21621 | Orc:2    | Bought a scroll of identify for 32 gold pieces
 21621 | Orc:2    | Bought a scroll of teleportation for 48 gold pieces
 21621 | Orc:2    | Bought a scroll of identify for 32 gold pieces
 21621 | Orc:2    | Bought a scroll of fog for 64 gold pieces
 21621 | Orc:2    | Bought a scroll of silence for 152 gold pieces
 21834 | Orc:2    | Bought a potion of flight for 45 gold pieces
 21834 | Orc:2    | Bought a potion of curing for 45 gold pieces
 21834 | Orc:2    | Bought a potion of curing for 45 gold pieces
 21834 | Orc:2    | Bought a potion of curing for 45 gold pieces
 21834 | Orc:2    | Bought a potion of curing for 45 gold pieces
 22351 | Orc:2    | Found Mija's Assorted Antiques.
 22385 | Orc:2    | Bought 2 potions of heal wounds for 200 gold pieces
 22385 | Orc:2    | Bought a scroll of teleportation for 60 gold pieces
 22385 | Orc:2    | Bought a scroll of identify for 40 gold pieces
 22534 | Orc:2    | Found Jyc Zege's Distillery.
 22562 | Orc:2    | Bought 2 potions of curing for 96 gold pieces
 22562 | Orc:2    | Bought a potion of curing for 48 gold pieces
 22916 | Orc:1    | Noticed Josephine
 22938 | Orc:1    | Killed Josephine
 22965 | Orc:1    | Received a gift from Trog
 24554 | D:13     | Noticed Rupert
 24582 | D:13     | Killed Rupert
 25015 | D:13     | Found a gate to the Vaults.
 25127 | D:13     | Reached skill level 15 in Armour
 25898 | D:14     | Found a transporter.
 25898 | D:14     | Found a transporter.
 26304 | D:14     | Reached skill level 10 in Shields
 26423 | D:14     | Received a gift from Trog
 27352 | D:15     | Entered Level 15 of the Dungeon
 27573 | D:15     | Noticed Jorgrun
 27578 | D:15     | Reached XP level 16. HP: 107/107 MP: 17/17
 27585 | D:15     | Killed Jorgrun
 27591 | D:15     | Reached skill level 15 in Fighting
 27591 | Abyss:2  | Cast into level 2 of the Abyss (a wizard)
 27648 | Abyss:2  | Noticed a lich
 27663 | Abyss:2  | Killed a lich
 28039 | Abyss:2  | Noticed a tentacled starspawn
 28046 | Abyss:2  | Killed a tentacled starspawn
 28250 | Abyss:2  | Noticed a tentacled starspawn
 28251 | Abyss:2  | Noticed a bone dragon
 28353 | Abyss:2  | HP: 2/108 [deep elf zephyrmancer/bolt of lightning[a
                  | worldbinder] (20)]
 28360 | Abyss:2  | HP: 2/108 [large abomination (2)]
 28381 | Abyss:2  | Killed from afar by a deep elf zephyrmancer

Illustrated notes

Levels and vault maps discovered:
D:1:      dpeg_arrival_lava_temple_mockup, layout_basic
D:2:      layout_basic, basic_altar, basic_ecumenical_altar, minmay_pentomino_t4
D:3:      wad_woods_tower, layout_loops_corners, ebering_ghost_sewer_f,
          portal_sewer_entry_e, minmay_misc_feat_five, minmay_gold_behind_fungi
D:4:      nicolae_cairo_tiling_very_big, layout_loops_ring, serial_shops,
          kennysheep_little_box, st_stairs_7, minmay_increasing_density,
          uniq_natasha, uniq_ijyb
D:5:      layout_loops_corners, serial_shops, nicolae_shop_trees, uniq_grinder,
          uniq_pikel, uniq_blork_the_orc
D:6:      layout_loops_cross, minmay_temple_entry_drinking_statues,
          minmay_misc_feat_doors
D:7:      layout_basic, xom_confusion_cloud, enter_bailey_2, minivault_10,
          uniq_duvessa, uniq_maggie
D:8:      layout_rooms
D:9:      minmay_slanted_spiral_squares, layout_basic, lemuel_tele_altar,
          grunt_temple_overflow_open
D:10:     layout_small_grid, lair_entry_dummy
D:11:     layout_cross, minmay_crystal_room
D:12:     layout_gridville
D:13:     layout_basic, hangedman_vaults_entry_quadrant_bands, minmay_holes,
          dk_noncrumbling_2, uniq_rupert
D:14:     layout_gridville, nicolae_diode_stairs
D:15:     hangedman_depths_entry_civil_slaughter, layout_basic,
          small_statue_alley_a, uniq_jorgrun
Lair:1:   layout_regular_city, grunt_forest_small_clearings,
          minmay_lair_oklob_bushes, st_stairs_8, nicolae_lair_grove_arrangements
Lair:2:   layout_cave_shapes, wad_woods_03, grunt_megastairs_5
Lair:3:   gammafunk_worm_tunnel, layout_chaotic_city,
          minmay_shoals_entry_beasts, spider_nest_entry_funnel_web,
          dreamdust_deal_with_the_devil, infiniplex_staircase_pool_2,
          uniq_fannar, uniq_urug, uniq_kirke
Lair:4:   layout_layer_cave, chequers_serial_rivers_micro_c,
          chequers_serial_rivers_room_a, beast_lair_carwin_5
Lair:5:   minmay_lair_end_enchanted_forest, layout_regular_city,
          nicolae_slime_entry_slimehenge, minmay_lair_drake_nest,
          lemuel_fruit_tree
Orc:1:    layout_caves, uniq_josephine
Orc:2:    st_orc_town, layout_caves
Abyss:2:  base: Lair:4, evilmike_abyss_exit_chaos

Skill      XL: |  1  2  3  4  5  6  7  8  9 10 11 12 13 14 15 16 |
---------------+-------------------------------------------------+-----
Fighting       | 4 5 6 8 9 10 11 12 13 14 15 | 15.2
Armour         | 3 5 7 8 10 11 12 13 15 | 15.9
Short Blades   | 1 2 3 5 6 8 10 11 12 13 | 13.2
Polearms       | 4 |  4.6
Dodging        | 3 4 5 6 7 9 10 | 10.8
Stealth        | 1 2 3 4 5 6 7 |  7.5
Evocations     | 1 2 |  2.1
Shields        | 1 3 6 8 10 | 10.6
Unarmed Combat | |  0.9

Action                   |  1- 3 |  4- 6 |  7- 9 | 10-12 | 13-15 | 16-18 || total
-------------------------+-------+-------+-------+-------+-------+-------++-------
Melee: Spear             |    44 |       |       |       |       |       ||    44
       Peck              |     5 |    10 |    57 |   115 |   390 |    32 ||   609
       Short sword       |    18 |    57 |   316 |   530 |  1393 |   133 ||  2447
       Kick              |    10 |    12 |   105 |   236 |   655 |    69 ||  1087
       Punch             |       |       |     4 |     6 |       |       ||    10
       Unarmed           |       |       |       |       |     4 |       ||     4
Invok: Berserk           |     2 |     2 |     3 |    16 |    19 |     2 ||    44
       Brothers in Arms  |       |       |       |     2 |     4 |       ||     6
       Trog's Hand       |       |       |       |       |     1 |     2 ||     3
Evoke: Wand              |       |       |       |     2 |     6 |       ||     8
       Box of beasts     |       |       |       |       |     1 |       ||     1
  Use: Scroll            |     6 |       |     4 |     6 |    13 |     4 ||    33
       Potion            |       |       |       |       |     7 |     1 ||     8
 Stab: Sleeping          |       |       |       |     7 |     9 |       ||    16
       Distracted        |       |       |       |       |     3 |       ||     3
Armor: Animal skin       |    10 |       |       |       |       |       ||    10
       Scale mail        |     6 |    14 |    50 |       |       |       ||    70
       Chain mail        |       |       |    43 |    10 |       |       ||    53
       Acid dragon scale |       |       |       |   127 |   125 |       ||   252
       Robe              |       |       |       |       |     9 |       ||     9
       Plate armour      |       |       |       |       |   173 |    67 ||   240
Dodge: Dodged            |    17 |    29 |   157 |   326 |   802 |    85 ||  1416
       Repelled          |       |       |       |     6 |     9 |     4 ||    19
Block: Kite shield       |       |       |       |    93 |   618 |    62 ||   773
